 Dungeon Crawl Stone Soup version 0.20-a0-1043-gbd57889 (webtiles) character file.

299 Krakonus1 the Skirmisher (level 6, -3/85 HPs)
             Began as a Hill Orc Monk on Apr 24, 2017.
             Was a Believer of Beogh.
             Succumbed to Duvessa's poison
             ... on level 4 of the Dungeon.
             The game lasted 00:16:29 (3715 turns).

Krakonus1 the Skirmisher (Hill Orc Monk)            Turns: 3715, Time: 00:16:30

Health: -3/85      AC:  3    Str: 21    XL:     6   Next: 36%
Magic:  7/7        EV: 13    Int: 10    God:    Beogh [**....]
Gold:   278        SH:  0    Dex: 13    Spells: 5/5 levels left

rFire    . . .     SeeInvis +   h - +0 hand axe (chop)
rCold    . . .     Gourm    .   (no shield)
rNeg     . . .     Faith    .   l - +0 leather armour (curse)
rPois    .         Spirit   .   (no helmet)
rElec    .         Reflect  .   (no cloak)
rCorr    .         Harm     .   (no gloves)
MR       .....                  (no boots)
Stlth    ..........             (no amulet)
Regen    0.3/turn               o - ring of flight
MPRegen  0.1/turn               p - ring of see invisible

@: berserking (expiring), lethally poisoned (-3 -> -59), glowing, very quick
A: no striking features
a: Smiting, Renounce Religion, Evoke Flight


You were on level 4 of the Dungeon.
You worshipped Beogh.
Beogh was pleased with you.
You were not hungry.

You visited 1 branch of the dungeon, and saw 6 of its levels.

You collected 278 gold pieces.

Inventory:

Hand Weapons
 h - a +0 hand axe of chopping (weapon)
Armour
 l - a cursed +0 leather armour (worn)
Jewellery
 o - a ring of flight (left hand)
 p - a ring of see invisible (right hand)
Scrolls
 m - 5 scrolls of recharging
 s - 3 scrolls of immolation
Potions
 a - 2 potions of brilliance
 c - a potion of flight
 k - 2 potions of resistance {unknown}
 n - a potion of curing
 q - a potion of heal wounds
Comestibles
 b - 5 bread rations
 d - a royal jelly
 g - 5 fruits
 i - 2 meat rations
 r - a chunk of flesh


   Skills:
 + Level 6.1 Fighting
 + Level 3.2 Axes
 * Level 4.3 Armour
 - Level 3.2 Dodging
 - Level 3.2 Stealth
 + Level 2.1 Invocations


You had 5 spell levels left.
You didn't know any spells.

Dungeon Overview and Level Annotations

Branches:
Dungeon (6/15)             Temple (0/1) D:6

Altars:
Cheibriados
Fedhas
Uskayaw
The Shining One

Annotations:
D:4 Duvessa


Message History

You barely miss Duvessa.
Duvessa is almost dead.
* * * LOW HITPOINT WARNING * * *
You feel sick.
Duvessa hits you with a short sword of venom!
* * * LOW HITPOINT WARNING * * *
You are more poisoned.
You hit Duvessa.
Duvessa is almost dead.
* * * LOW HITPOINT WARNING * * *
You feel very sick. Duvessa barely misses you.
Duvessa hits you with a short sword of venom!
* * * LOW HITPOINT WARNING * * *
You are more poisoned.
You are too berserk!
You are too berserk!
You closely miss Duvessa.
Duvessa is almost dead.
You die...

##.##
#......>#
#.#
#.##.##.#
#.# #.
#.##.# #+#
#. #.##.#
#. #.##.#
#. #.##.#
##. #.##.#
##...#e##.#
......)@..#
.....#.####
... ... .
####


You could see Duvessa (berserk).

Vanquished Creatures
  Dowan (D:4)
  3 orc priests
  An orc wizard (D:4)
  2 worker ants
  A hound skeleton (D:4)
  3 adders
  A worm (D:3)
  3 dart slugs
  3 leopard geckos
  3 orcs (D:4)
  3 giant cockroaches
  6 goblins
  11 hobgoblins
  2 quokkas (D:2)
  8 bats
  4 frilled lizards
  8 kobolds
  10 rats
73 creatures vanquished.

Vanquished Creatures (others)
  An orc (D:6)
1 creature vanquished.

Grand Total: 74 creatures vanquished

Notes
Turn   | Place    | Note
-------+----------+-------------------------------------------
     0 | D:1      | Krakonus1 the Hill Orc Monk began the quest for the Orb.
     0 | D:1      | Reached XP level 1. HP: 22/22 MP: 1/1
   180 | D:1      | Reached skill level 5 in Fighting
   194 | D:1      | Reached skill level 1 in Armour
   448 | D:1      | Reached XP level 2. HP: 23/29 MP: 2/2
   845 | D:1      | Reached XP level 3. HP: 35/36 MP: 3/3
   944 | D:1      | Found a glowing golden altar of the Shining One.
  1395 | D:2      | Reached skill level 1 in Axes
  1586 | D:2      | Reached XP level 4. HP: 37/42 MP: 4/4
  2164 | D:3      | Found a snail-covered altar of Cheibriados.
  2273 | D:3      | Found a hide-covered altar of Uskayaw.
  2811 | D:4      | You fall through a shaft for 2 floors!
  2820 | D:6      | Became a worshipper of Beogh the Brigand
  2820 | D:6      | Reached * piety under Beogh
  2820 | D:6      | Reached ** piety under Beogh
  2841 | D:5      | Entered Level 5 of the Dungeon
  2866 | D:5      | Reached XP level 5. HP: 36/50 MP: 5/5
  3035 | D:4      | Reached skill level 1 in Invocations
  3045 | D:4      | Reached skill level 6 in Fighting
  3094 | D:4      | Noticed an ogre
  3134 | D:4      | Reached XP level 6. HP: 50/57 MP: 7/7
  3447 | D:4      | Found a blossoming altar of Fedhas.
  3686 | D:4      | Noticed Duvessa
  3699 | D:4      | Noticed Dowan
  3709 | D:4      | Killed Dowan
  3714 | D:4      | HP: 1/85 [Duvessa/short sword of venom (11)]
  3715 | D:4      | Succumbed to Duvessa's poison

Vault maps used:
D:1:      minmay_arrival_up_and_down, hex_large, tso_altar
D:2:      st_stairs_4, grunt_decor_arrowhead
D:3:      kennysheep_slug_shrine, eat_drink_and_be_merry_uskayaw, first_bread
D:4:      cheibrodos_pilgrimage, minmay_item_behind_shaft, fedhas_altar_2,
          uniq_duvessa
D:5:      basic_altar, uniq_ijyb
D:6:      kiku_gazebo_pond_becter, minmay_temple_entry_glassed_door

Skill      XL: |  1  2  3  4  5  6 |
---------------+-------------------+-----
Fighting       | 5 6 |  6.1
Armour         | 1 2 3 4 |  4.3
Axes           | 1 2 3 |  3.2
Invocations    | 1 2 |  2.1
Dodging        | |  3.2
Stealth        | |  3.2

Action                   |  1- 3 |  4- 6 || total
-------------------------+-------+-------++-------
Melee: Dagger            |    83 |       ||    83
       Unarmed           |     5 |       ||     5
       Hand axe          |    41 |   139 ||   180
Invok: Convert to Beogh  |       |     1 ||     1
  Use: Scroll            |     5 |     5 ||    10
       Potion            |     1 |     2 ||     3
 Stab: Sleeping          |     3 |     4 ||     7
       Distracted        |     1 |       ||     1
  Eat: Chunk             |     2 |     7 ||     9
Armor: Leather armour    |    41 |    27 ||    68
       Robe              |     1 |       ||     1
Dodge: Dodged            |    94 |    73 ||   167
